 Dungeon Crawl Stone Soup version 0.28.0-53-g5a82cb258f (webtiles) character file.

Game seed: 10324634175746232775

112 buhh the Skirmisher (level 4, -10/34 HPs)
             Began as an Octopode Transmuter on June 20, 2022.
             Mangled by a gnoll sergeant
             ... wielding a +0 spear
              (13 damage)
             ... on level 7 of the Dungeon.
             The game lasted 00:04:38 (3575 turns).

buhh the Skirmisher (Octopode Transmuter)           Turns: 3575, Time: 00:04:39

Health: -10/34     AC:  1    Str:  9    XL:     4   Next: 93%
Magic:  7/7        EV: 13    Int: 17    God:
Gold:   130        SH:  0    Dex: 12    Spells: 6/7 levels left

rFire   . . .      SeeInvis .     - Unarmed
rCold   . . .      Faith    .   (no shield)
rNeg    . . .      Spirit   .   (helmet currently unavailable)
rPois   .          Reflect  .   (no amulet)
rElec   .          Harm     .   (no ring)
rCorr   .          Rampage  .   (no ring)
Will    .....                   (no ring)
Stlth   +++.......              (no ring)
HPRegen 0.11/turn               (no ring)
MPRegen 0.10/turn               (no ring)
                                (no ring)
                                (no ring)

@: about to teleport, appendages (expiring)
A: tentacle spike 3, almost no armour, amphibious, 8 rings, camouflage 1,
gelatinous body 1, (nimble swimmer 1), tentacles, MP-powered wands
a: End Transformation


You were on level 7 of the Dungeon.
One of your tentacles had grown a beastly spike.
You visited 1 branch of the dungeon, and saw 6 of its levels.

You collected 130 gold pieces.

Inventory:

Missiles
 m - 3 poisoned darts
 G - 3 javelins
Scrolls
 a - a scroll of immolation {unknown}
 c - a scroll of fear {unknown}
 d - 2 scrolls of summoning {unknown}
 e - a scroll of blinking {unknown}
 g - a scroll of identify {unknown}
 i - a scroll of noise {unknown}
 j - 2 scrolls of fog {unknown}
 l - a scroll of torment {unknown}


   Skills:
 + Level 4.4 Fighting
 - Level 2.0 Dodging
 - Level 1.0 Stealth
 - Level 3.0 Unarmed Combat
 - Level 2.0 Spellcasting
 - Level 2.0 Transmutations


You had 6 spell levels left.
You knew the following spells:

 Your Spells              Type           Power      Damage    Failure   Level
a - Beastly Appendage     Tmut           16%        N/A       9%          1

Your spell library contained the following spells:

 Spells                   Type           Power      Damage    Failure   Level
 Wereblood                Tmut           8%         N/A       13%         2
 Blink                    Tloc           2%         N/A       28%         2
 Spider Form              Tmut/Pois      5%         N/A       36%         3
 Lesser Beckoning         Tloc           1%         N/A       50%         3
 Ice Form                 Ice/Tmut       5%         N/A       77%         4
 Manifold Assault         Tloc           1%         N/A       99%         5


Dungeon Overview and Level Annotations

Branches:
Dungeon (7/15)
 Temple: D:4-7

Altars:
Wu Jian

Shops:
D:3 *

Annotations:
D:2 exclusion: 2 gnolls
D:3 1 runed translucent door, exclusion: door, Barsook's ghost, amateur MiMo


Innate Abilities, Weirdness & Mutations

One of your tentacles has grown a beastly spike.
You cannot wear most types of armour.
You are amphibious.
You can wear up to eight rings at the same time.
Your skin changes colour to match your surroundings (Stealth+).
Your rubbery body absorbs attacks. (AC +1, EV +1)
((You are camouflaged when in or above water. (Stealth+)))
You have tentacles for arms and can constrict up to eight enemies at once.
You expend magic power (3 MP) to strengthen your wands.


Message History

The hound barks!
Something shouts, "Crawl home, thou impertinent saucy barnacle!"
Casting: Beastly Appendage (safe; 9% risk of failure)
Press: ? - help, Q - select action, (/) - cycle Dir - look around, f - activate One of your tentacles grows a vicious spike.
The hound bites you.
You tentacle-slap the hound but do no damage.
Your grab misses the hound.
Your tentacle spike misses the hound.
Your squeeze misses the hound. The hound misses you.
You tentacle-slap the hound but do no damage.
You grab the hound.
You pierce the hound.
The hound is lightly wounded.
You constrict the hound. The hound bites you. x2
A white imp comes into view.
You tentacle-slap the hound.
The hound is moderately wounded.
You constrict the hound. The hound completely misses you.
You barely miss the hound. Your squeeze misses the hound.
The hound is heavily wounded.
You constrict the hound. The hound bites you. The hound completely misses you.
You tentacle-slap the hound.
You pierce the hound, but do no damage.
You squeeze the hound, but do no damage.
The hound is almost dead.
You constrict the hound.
You kill the hound!
The white imp gestures at you. The puff of frost hits you!
As you read the scroll of teleportation {!d}, it crumbles to dust.
You feel strangely unstable. The white imp gestures at you.
The puff of frost hits you!
* * * LOW HITPOINT WARNING * * *
Your surroundings suddenly seem different.
A gnoll sergeant and a water moccasin come into view.
As you read the scroll of teleportation {!d}, it crumbles to dust.
You feel strangely unstable.
Your transformation is almost over.
The gnoll sergeant shouts!
The gnoll sergeant hits you with a +0 spear!
You die...

.. ....
.... ♣♣♣♣
....
♣g⌠♣♣#
....
♣@≈≈.# ...
♣.S..≈≈≈.#
...
♣.♣♣....♣#
## ######


You could see a water moccasin and a gnoll sergeant.

Vanquished Creatures
  A hound (D:7)
  An orc priest (D:3)
  An adder (D:3)
  A worm (D:2)
  A dart slug (D:2)
  3 orcs (D:3)
  4 bats
  3 endoplasms
  A giant cockroach (D:1)
  8 hobgoblins
  A ball python (D:1)
  2 frilled lizards (D:1)
  5 kobolds
  5 rats
37 creatures vanquished.

Notes
Turn   | Place    | Note
-------+----------+-------------------------------------------
     0 | D:1      | buhh the Octopode Transmuter began the quest for the Orb.
     0 | D:1      | Reached XP level 1. HP: 13/13 MP: 3/3
   155 | D:1      | Reached XP level 2. HP: 8/19 MP: 3/5
   384 | D:1      | Noticed a great orb of eyes
   385 | D:1      | Found a faded altar of an unknown god.
   387 | D:1      | Noticed an eye of devastation
   387 | D:1      | Noticed an eye of devastation
   387 | D:1      | Noticed a shining eye
   399 | D:1      | Reached skill level 2 in Fighting
  1401 | D:2      | Reached XP level 3. HP: 25/25 MP: 4/6
  1425 | D:2      | Found an ornate altar of the Wu Jian Council.
  2169 | D:3      | Reached skill level 3 in Fighting
  2222 | D:3      | HP: 1/26 [orc priest/+0 whip (7)]
  2225 | D:3      | Gained mutation: You expend magic power (3 MP) to
                  | strengthen your wands. [potion of mutation]
  2227 | D:3      | Reached XP level 4. HP: 8/33 MP: 7/7
  2768 | D:3      | Reached skill level 4 in Fighting
  2938 | D:3      | Found a runed translucent door.
  2972 | D:3      | Noticed Barsook's ghost (amateur MiMo)
  3000 | D:3      | Found Utwew's Assorted Antiques.
  3431 | D:4      | You fall into a shaft and drop 3 floors!
  3445 | D:6      | Noticed a centaur
  3556 | D:7      | Noticed a kobold brigand
  3573 | D:7      | Noticed a gnoll sergeant
  3573 | D:7      | Noticed a water moccasin
  3575 | D:7      | Mangled by a gnoll sergeant

Illustrated notes

Levels and vault maps discovered:
D:1:      minmay_arrival_solitary_statue, layout_basic,
          hellmonk_ecumenical_altar_watching_god
D:2:      layout_loops_corners, basic_altar, kennysheep_doodads
D:3:      layout_basic, ebering_ghost_reflecting_pool, serial_shops,
          nicolae_shop_behind_doors
D:4:      layout_rooms
D:6:      layout_basic, tgw_xom, minmay_temple_entry_statues
D:7:      nzn_winding_woodlands_cross [nzn_winding_woodlands_5x15_jagged,
          nzn_winding_woodlands_5x15_pathside_ponds,
          nzn_winding_woodlands_5x15_twine, nzn_winding_woodlands_5x15_zeroes,
          nzn_winding_woodlands_15x15_thick_spiral], layout_rooms

Skill      XL: |  1  2  3  4 |
---------------+-------------+-----
Stealth        | 1 |  1.0
Fighting       | 2 3 4 |  4.4
Dodging        | |  2.0
Unarmed Combat | |  3.0
Spellcasting   | |  2.0
Transmutations | |  2.0

Action                   |  1- 3 |  4- 6 || total
-------------------------+-------+-------++-------
Melee: Unarmed           |    61 |    22 ||    83
       Constrict         |    16 |     6 ||    22
       Tentacles         |    13 |     4 ||    17
       Kick              |    17 |    10 ||    27
       Punch             |     3 |       ||     3
 Cast: Beastly Appendage |    26 |     7 ||    33
  Use: Potion            |     4 |       ||     4
       Scroll            |       |     3 ||     3
 Stab: Sleeping          |     9 |     2 ||    11
Armor: Skin              |     1 |       ||     1
Dodge: Dodged            |    30 |    11 ||    41
